 Dungeon Crawl Stone Soup version 0.18-a0-1670-gb40d73e (webtiles) character file.

60 inmateoo the Caller (level 3, -10/25 HPs)
             Began as a Demonspawn Summoner on Apr 1, 2016.
             Mangled by a small abomination (20 damage)
             ... summoned by miscasting Call Canine Familiar
             ... on level 2 of the Dungeon.
             The game lasted 00:04:11 (1875 turns).

inmateoo the Caller (Demonspawn Summoner)           Turns: 1875, Time: 00:04:12

Health: -10/25     AC:  5    Str:  8    XL:     3   Next: 80%
Magic:  0/7        EV: 10    Int: 17    God:
Gold:   163        SH:  0    Dex: 13    Spells: 3 memorised, 1 level left

rFire  . . .     SeeInvis .     j - -1 spear (curse)
rCold  . . .     Gourm    .     g - +0 ring mail (curse)
rNeg   . . .     Faith    .     (no shield)
rPois  .         Spirit   +     (no helmet)
rElec  .         Dismiss  .     (no cloak)
rCorr  .         Reflect  .     (no gloves)
SustAt .         Harm     .     (no boots)
MR     .....                    k - amulet of guardian spirit
Stlth  ++........               (no ring)
                                (no ring)

@: very slightly contaminated, not resistant to hostile enchantments, unstealthy
A: nightstalker 1
a: no special abilities


You were on level 2 of the Dungeon.
You were not hungry.

You visited 1 branch of the dungeon, and saw 2 of its levels.

You collected 163 gold pieces.

Inventory:

Hand Weapons
 j - a cursed -1 spear (weapon)
Missiles
 d - 18 poisoned needles
 e - 5 javelins of returning (quivered)
Armour
 g - a cursed +0 ring mail (worn)
Jewellery
 k - an amulet of guardian spirit (around neck)
Scrolls
 m - a scroll of remove curse {unknown}
Potions
 f - 2 potions of flight
 h - a potion of haste {unknown}
 i - a potion of mutation {unknown}
 l - a potion of heal wounds {unknown}
Books
 b - a book of Callings

   Spells                             Type                      Level
   a - Summon Small Mammal            Summoning                    1
   b - Call Imp                       Summoning                    2
   c - Call Canine Familiar           Summoning                    3
   d - Summon Guardian Golem          Hexes/Summoning              3
   e - Summon Lightning Spire         Summoning/Air                4
   f - Summon Ice Beast               Ice/Summoning                4
Comestibles
 a - a chunk of flesh
 c - 2 bread rations


   Skills:
 + Level 0.8 Fighting
 + Level 2.6 Dodging
 - Level 1.7 Stealth
 + Level 2.7 Spellcasting
 + Level 4.3 Summonings


You had one spell level left.
You knew the following spells:

 Your Spells              Type           Power        Failure   Level  Hunger
a - Summon Small Mammal   Summ           ###.         12%         1    #......
b - Call Imp              Summ           ###.....     14%         2    ##.....
c - Call Canine Familiar  Summ           ###.....     28%         3    ###....


Dungeon Overview and Level Annotations

Branches:
Dungeon (2/15)

Altars:
Yredelemnul


Innate Abilities, Weirdness & Mutations

You are slightly more attuned to the shadows.


Message History

A chorus of moans calls out to you!
Your hound bites the kobold.
The adder completely misses your hound. The kobold barely misses you.
Your hound bites the kobold.
The kobold dies!
Attack whom?
Press: ? - help, Dir - move target cursor, f - small abomination
Aim: a small abomination (summoned)
You reach to attack!
You hit the small abomination but do no damage.
The adder bites your hound but does no damage.
You closely miss the small abomination.
Your hound bites the adder.
The adder barely misses you.
Your hound bites the adder.
You completely miss the adder.
The adder is moderately wounded.
The adder bites you but does no damage.
Your hound closely misses the adder.
The small abomination hits you!
Ouch! That really hurt!
The small abomination hits you!!
Ouch! That really hurt!
You die...

##........##.#######.....#..
#._)†>.).....### #.....###
#..............### #.....#
#..........###.... .###...
.................... ..
..#................. ... .
##........#....... #..
##......#.xx..... ##.
.........x@S..... ...
...........#h..... ...
###.##....###..... ##[ #.
#..#.. ..... #. ...###. ....
... ... .... ### ... .# ..
#.#.


You could see 3 small abominations, an adder and a friendly hound.

Vanquished Creatures
  A dart slug (D:1)
  A giant gecko (D:1)
  3 giant cockroaches
  5 goblins
  4 hobgoblins
  A jackal (D:1)
  4 bats
  3 giant newts
  A kobold (D:2)
  4 rats
27 creatures vanquished.

Vanquished Creatures (collateral kills)
  3 adders (D:2)
  2 dart slugs (D:1)
  2 bats (D:1)
  A giant cockroach (D:1)
  2 goblins (D:1)
  3 hobgoblins (D:1)
  A jackal (D:1)
  A quokka (D:2)
  A giant newt (D:2)
  2 kobolds (D:2)
  A rat (D:1)
  2 fungi (D:1)
21 creatures vanquished.

Grand Total: 48 creatures vanquished

Notes
Turn   | Place    | Note
--------------------------------------------------------------
     0 | D:1      | inmateoo the Demonspawn Summoner began the quest for the Orb.
     0 | D:1      | Reached XP level 1. HP: 13/13 MP: 3/3
   247 | D:1      | Gained mutation: You are slightly more attuned to the shadows. [demonic ancestry]
   247 | D:1      | Reached XP level 2. HP: 18/19 MP: 5/5
   469 | D:1      | Learned a level 2 spell: Call Imp
  1546 | D:2      | Reached XP level 3. HP: 24/25 MP: 4/6
  1552 | D:2      | Learned a level 3 spell: Call Canine Familiar
  1833 | D:2      | Found a basalt altar of Yredelemnul.
  1875 | D:2      | Mangled by a small abomination

Vault maps used:
D:1:      dpeg_arrival_radiant, minmay_misc_feat_more_columns,
          minmay_gold_behind_fungi, minivault_4
D:2:      overflow_temple_1_default

Skill      XL: |  1 |
---------------+----+-----
Dodging        | 2 |  2.6
Fighting       | |  0.8
Stealth        | |  1.7
Spellcasting   | |  2.7
Summonings     | |  4.3

Action                   || total
-------------------------++-------
Melee: Unarmed           ||    69
       Spear             ||   140
 Cast: Summon Small Mamm ||    26
       Call Imp          ||     5
       Call Canine Famil ||     4
  Use: Scroll            ||     3
 Stab: Distracted        ||     1
       Sleeping          ||     1
  Eat: Chunk             ||     5
